 Dungeon Crawl Stone Soup version 0.24-a0-218-ga595e75 (webtiles) character file.

Game seed: 15425696366805267297

29 Azzok the Sneak (level 3, -6/21 HPs)
             Began as an Octopode Enchanter on Mar 30, 2019.
             Mangled by a gnoll
             ... wielding a +0 whip
              (9 damage)
             ... on level 2 of the Dungeon.
             The game lasted 00:01:27 (1506 turns).

Azzok the Sneak (Octopode Enchanter)                Turns: 1506, Time: 00:01:28

Health: -6/21      AC:  1    Str:  7    XL:     3   Next: 16%
Magic:  6/6        EV:  8    Int: 18    God:
Gold:   36         SH:  9    Dex: 12    Spells: 5/6 levels left

rFire    . . .     SeeInvis .   a - +1 dagger
rCold    . . .     Gourm    .   l - +0 large shield
rNeg     . . .     Faith    .   (helmet restricted)
rPois    .         Spirit   .   (no amulet)
rElec    .         Reflect  .   (no ring)
rCorr    .         Harm     .   (no ring)
MR       .....                  (no ring)
Stlth    +++.......             (no ring)
HPRegen  0.07/turn              (no ring)
MPRegen  0.10/turn              (no ring)
                                (no ring)
                                (no ring)

@: no status effects
A: almost no armour, stealthy swim, amphibious, 8 rings, constrict 8, camouflage
1, gelatinous body 1
a: no special abilities


You were on level 2 of the Dungeon.
You were not hungry.

You visited 1 branch of the dungeon, and saw 2 of its levels.

You collected 36 gold pieces.

Inventory:

Hand Weapons
 a - a +1 dagger (weapon)
Armour
 l - a +0 large shield (worn)
Scrolls
 b - 3 scrolls of remove curse {unknown}
 d - a scroll of random uselessness {unknown}
 f - 4 scrolls of identify {unknown}
 i - a scroll of enchant armour {unknown}
 k - a scroll of immolation {unknown}
Potions
 e - a potion of might {unknown}
 g - a potion of curing {unknown}
 h - 2 potions of heal wounds {unknown}
 j - a potion of agility {unknown}
 m - a potion of haste {unknown}
Comestibles
 c - 4 rations
 n - 5 chunks of flesh


   Skills:
 + Level 3.0 Short Blades
 - Level 2.0 Dodging
 - Level 4.0 Stealth
 + Level 0.0 Shields
 - Level 2.0 Spellcasting
 - Level 3.0 Hexes


You had 5 spell levels left.
You knew the following spells:

 Your Spells              Type           Power        Failure   Level  Hunger
a - Corona                Hex            ##.....      80%         1    #......

Your spell library contained the following spells:

 Spells                   Type           Power        Failure   Level  Hunger
 Ensorcelled Hibernation  Hex/Ice        #.....       98%         2    ###....
 Confuse                  Hex            ##......     99%         3    ###....
 Tukima's Dance           Hex            ##......     99%         3    ###....
 Dazzling Spray           Conj/Hex       #.....       100%        3    ###....


Dungeon Overview and Level Annotations

Branches:
Dungeon (2/15)

Altars:
Ashenzari
Xom
The Shining One


Innate Abilities, Weirdness & Mutations

You cannot wear most types of armour.
You are very stealthy in the water. (Stealth+)
You are amphibious.
You can wear up to eight rings at the same time.
You can use your tentacles to constrict eight enemies at once.
Your skin changes colour to match your surroundings (Stealth+).
Your rubbery body absorbs attacks. (AC +1, EV +1)


Message History

You hit the gnoll.
You squeeze the gnoll, but do no damage.
The gnoll is moderately wounded.
You constrict the gnoll, but do no damage.
The gnoll hits you but does no damage.
You hit the gnoll.
The gnoll is moderately wounded.
You constrict the gnoll. You block the gnoll's attack.
You hit the gnoll.
The gnoll is heavily wounded.
You constrict the gnoll, but do no damage.
The gnoll barely misses you.
You hit the gnoll but do no damage.
The gnoll is heavily wounded.
You constrict the gnoll. The gnoll hits you with a +0 whip!
* * * LOW HITPOINT WARNING * * *
You hit the gnoll but do no damage. You squeeze the gnoll.
The gnoll is severely wounded.
You constrict the gnoll. The gnoll hits you with a +0 whip!
You die...

··▒▒······▒
··▒▒·▒▒···▒
[·▒÷··'···╬
··▒···▒···▒
··▒···▒···▒
··▒···▒···▒▒▒▒ [
··▒···▒······▒▒ ···
··▒···▒▒▒▒▒▒··▒▒▒▒▒g·▒
▒▒▒···▒ ▒▒···@ggg▒ ▒
▒···▒ ▒▒▒▒▒▒▒▒▒ ▒
▒···▒ ▒ ▒▒▒▒▒


You could see 4 gnolls.

Vanquished Creatures
  2 worms (D:2)
  A dart slug (D:2)
  2 hobgoblins (D:2)
  A jackal (D:1)
  A quokka (D:2)
  A frilled lizard (D:1)
  8 goblins
  3 kobolds
  3 rats
22 creatures vanquished.

Notes
Turn   | Place    | Note
-------+----------+-------------------------------------------
     0 | D:1      | Azzok the Octopode Enchanter began the quest for the Orb.
     0 | D:1      | Reached XP level 1. HP: 11/11 MP: 3/3
   534 | D:1      | Found a shattered altar of Ashenzari.
   592 | D:1      | Reached XP level 2. HP: 10/17 MP: 5/5
  1339 | D:2      | Found a glowing golden altar of the Shining One.
  1339 | D:2      | Found a shimmering altar of Xom.
  1384 | D:2      | Reached XP level 3. HP: 18/21 MP: 6/6
  1506 | D:2      | Mangled by a gnoll

Levels and vault maps discovered:
D:1:      dpeg_arrival_brainrot, layout_basic, nicolae_ashenzari_panopticon
D:2:      kennysheep_six_static_rooms, layout_basic,
          chequers_temple_overflow_statue_of_worship, first_ration

Skill      XL: |  1  2  3 |
---------------+----------+-----
Short Blades   | 2 3 |  3.0
Dodging        | |  2.0
Stealth        | |  4.0
Spellcasting   | |  2.0
Hexes          | |  3.0

Action                   || total
-------------------------++-------
Melee: Dagger            ||    58
       Constrict         ||    13
       Tentacles         ||    10
 Stab: Sleeping          ||     5
  Eat: Chunk             ||     2
Armor: Skin              ||     5
Dodge: Dodged            ||    20
Block: Large shield      ||     1

Table legend:
 A = Non-vault XP
 B = Vault XP
 C = Vault XP percentage of total XP
 D = Non-vault monster count
 E = Vault monster count
 F = Vault count percentage of total count
                 A         B        C        D         E       F
            +---------+---------+-------+---------+---------+-------
      Total |      40 |       2 |   4.8 |      21 |       1 |   4.5
            +---------+---------+-------+---------+---------+-------
        D:1 |      15 |       2 |  11.8 |      11 |       1 |   8.3
        D:2 |      25 |       0 |   0.0 |      10 |       0 |   0.0
            +---------+---------+-------+---------+---------+-------
